 Dungeon Crawl Stone Soup version 0.25-a0-571-gb5e01bddfa (webtiles) character file.

Game seed: 7286710777454784365, levelgen mode: classic

39391 EnegeticOcto the Champion of Chaos (level 13, -12/128 HPs)
             Began as a Deep Dwarf Fighter on Feb 29, 2020.
             Was the Champion of Makhleb.
             Drowned by a drowned soul (15 damage)
             ... summoned by a merfolk avatar
             ... on level 2 of the Shoals.
             The game lasted 00:09:22 (9339 turns).

EnegeticOcto the Champion of Chaos (DDFi)           Turns: 9339, Time: 00:09:22

Health: -12/128    AC: 16    Str: 26    XL:     13   Next: 69%
Magic:  2/2        EV: 10    Int:  8    God:    Makhleb [******]
Gold:   1005       SH:  0    Dex: 12    Spells: 12/12 levels left

rFire    + . .     SeeInvis .   J - +5 battleaxe (freeze)
rCold    . . .     Gourm    .   (shield currently unavailable)
rNeg     . . .     Faith    .   s - +0 chain mail
rPois    +         Spirit   .   E - +2 helmet
rElec    .         Reflect  .   (no cloak)
rCorr    .         Harm     .   (no gloves)
MR       +....                  t - +0 pair of boots
Stlth    ..........             (no amulet)
HPRegen  0.00/turn              w - ring of protection from fire
MPRegen  0.08/turn              G - ring of poison resistance

@: mesmerised, non-regenerating, very slow
A: damage resistance, heal wounds, sense surroundings 2, no regeneration
a: Heal Wounds, Minor Destruction, Lesser Servant of Makhleb, Major Destruction,
Greater Servant of Makhleb, Renounce Religion


You were on level 2 of the Shoals.
You worshipped Makhleb.
Makhleb was exalted by your worship.
You were not hungry.

You visited 4 branches of the dungeon, and saw 19 of its levels.
You also visited: Ice Cave.

You collected 1005 gold pieces.

Inventory:

Hand Weapons
 c - a +3 battleaxe of flaming
 J - a +5 battleaxe of freezing (weapon)
Armour
 s - a +0 chain mail (worn)
 t - a +0 pair of boots (worn)
 C - a +2 kite shield
 E - a +2 helmet (worn)
Jewellery
 b - a cursed ring of teleportation {unknown}
 w - a ring of protection from fire (left hand)
 G - a ring of poison resistance (right hand)
Wands
 g - a wand of digging (7) {@v2}
 i - a wand of flame (46)
 u - a wand of iceblast (7)
 A - a wand of scattershot (5)
Scrolls
 d - 6 scrolls of teleportation {@r2}
 j - 3 scrolls of magic mapping {@r5}
 o - 2 scrolls of fog
 r - a scroll of fear
 v - 10 scrolls of remove curse {@r6}
 y - 4 scrolls of blinking {@r3}
 B - 2 scrolls of identify {@r1}
Potions
 f - 3 potions of magic
 h - 2 potions of berserk rage
 k - a potion of might {@q3}
 l - a potion of flight
 m - a potion of resistance {@q6}
 n - 2 potions of haste {@q4}
 q - 6 potions of curing {@q1}
 x - 3 potions of lignification {@q7}
 z - 2 potions of cancellation
 D - a potion of heal wounds {@q2}
Miscellaneous
 L - a phantom mirror
Comestibles
 a - a chunk of flesh
 e - 35 rations


   Skills:
 * Level 11.6 Fighting
 * Level 13.3 Axes
 + Level 10.2 Armour
 - Level 2.7 Dodging
 - Level 8.4 Shields
 * Level 14.6 Invocations


You had 12 spell levels left.
You didn't know any spells.
Your spell library was empty.

Dungeon Overview and Level Annotations

Branches:
Dungeon (13/15)            Temple (1/1) D:4            Lair (3/6) D:8
 Shoals (2/4) Lair:2        Snake (0/4) Lair:3          Orc (0/2) D:12
  IceCv (visited)
 Vaults: D:13-14

Altars:
Ashenzari
Dithmenos
Elyvilon
Fedhas
Gozag
Hepliaklqana
Kikubaaqudgha
Makhleb
Nemelex Xobeh
Qazlal
Sif Muna
Trog
Vehumet
Wu Jian
Xom
Yredelemnul
Beogh

Annotations:
D:4 2 runed translucent doors, Karim's ghost, amateur GnWn
Lair:2 2 runed translucent doors, Flugslaktarn's ghost, journeyman DDFi


Innate Abilities, Weirdness & Mutations

You are resistant to damage.
You can heal yourself by infusing magical energy.
You passively map the area around you.
You do not regenerate.


Message History

Your unstable footing causes you to fumble your attack.
The drowned soul returns to the deep!
The merfolk avatar chants its luring song.
A hippogriff comes into view.
The hippogriff screeches!
Your chain mail prevents you from hitting the merfolk avatar.
The merfolk avatar is lightly wounded.
You slash the drowned soul! You slice the drowned soul!!
The drowned soul returns to the deep!
The drowned soul touches you. The drowned soul drowns you!
The merfolk avatar chants its luring song.
The drowned soul touches you. The drowned soul drowns you!
* * * LOW HITPOINT WARNING * * *
You are too injured to fight recklessly!
You are too injured to fight recklessly!
You are too injured to fight recklessly!
You are too injured to fight recklessly!
You are too injured to fight recklessly!
You are too injured to fight recklessly!
You are too injured to fight recklessly!
You are too injured to fight recklessly!
You are too injured to fight recklessly!
You are too injured to fight recklessly!
You are too injured to fight recklessly!
You are too injured to fight recklessly!
You are too injured to fight recklessly!
You are too injured to fight recklessly!
You are too injured to fight recklessly!
You are too injured to fight recklessly!
You are too injured to fight recklessly!
You feel much better. The drowned soul touches you.
The drowned soul drowns you!
You fail to use your ability.
The merfolk avatar chants its luring song.
You are too injured to fight recklessly!
You are too injured to fight recklessly!
You are too injured to fight recklessly!
You are too injured to fight recklessly!
You are too injured to fight recklessly!
You are too injured to fight recklessly!
You are too injured to fight recklessly!
You are too injured to fight recklessly!
You are too injured to fight recklessly!
You are too injured to fight recklessly!
You are too injured to fight recklessly!
Your unstable footing causes you to fumble your attack.
The drowned soul touches you. The drowned soul drowns you!
* * * LOW HITPOINT WARNING * * *
The merfolk avatar chants its luring song.
Your unstable footing causes you to fumble your attack.
The merfolk avatar chants its luring song.
Your unstable footing causes you to fumble your attack.
The drowned soul touches you. The drowned soul drowns you!
* * * LOW HITPOINT WARNING * * *
The merfolk avatar chants its luring song.
Your unstable footing causes you to fumble your attack.
The drowned soul touches you. The drowned soul drowns you!
* * * LOW HITPOINT WARNING * * *
The merfolk avatar chants its luring song.
The hippogriff bites you but does no damage.
The hippogriff pecks you but does no damage.
The hippogriff claws you.
You barely miss the merfolk avatar.
The merfolk avatar is lightly wounded.
You completely miss the hippogriff.
The merfolk avatar chants its luring song.
The hippogriff bites you but does no damage.
The hippogriff pecks you but does no damage.
The hippogriff claws you but does no damage.
You slice the merfolk avatar!! You freeze the merfolk avatar!
The merfolk avatar is severely wounded.
You hit the hippogriff but do no damage.
The merfolk avatar chants its luring song.
The hippogriff bites you.
The hippogriff pecks you but does no damage.
The hippogriff claws you but does no damage.
You hit the merfolk avatar but do no damage.
The merfolk avatar is severely wounded.
You slice the drowned soul!!
You destroy the drowned soul!
You slice the hippogriff!! You freeze the hippogriff.
The merfolk avatar chants its luring song.
The hippogriff misses you. The hippogriff pecks you.
* * * LOW HITPOINT WARNING * * *
The hippogriff claws you but does no damage.
You slash the merfolk avatar! You freeze the merfolk avatar.
The merfolk avatar is severely wounded.
You slash the hippogriff! You freeze the hippogriff!
You kill the hippogriff!
Makhleb accepts your kill.
You feel better.
The merfolk avatar chants its luring song.
The drowned soul touches you. The drowned soul drowns you!
* * * LOW HITPOINT WARNING * * *
You slash the merfolk avatar! You freeze the merfolk avatar.
The merfolk avatar is almost dead.
You miss the drowned soul.
The merfolk avatar chants its luring song.
The drowned soul touches you. The drowned soul drowns you!
You die...

≈ ≈ ≈≈ ,,, , ≈ * ,
≈ ≈≈ ..≈....≈≈.. *
* ,, ≈≈ ≈
≈≈≈≈≈.≈≈≈.. *, ≈ ≈,
≈ ≈≈≈≈≈≈≈≈≈...
#..≈≈ ≈ ≈ ≈≈
≈≈≈≈≈≈≈..#* #..≈≈≈
≈ ≈≈≈≈≈≈≈..#
*..≈≈≈≈ ≈ ,
≈≈≈≈≈≈≈≈.###..≈≈≈
≈≈ ≈ ,≈
≈≈≈≈≈≈mW......≈≈≈≈
,,≈
≈≈≈≈≈≈≈≈@≈≈..≈≈≈≈≈
≈ ≈ ≈≈≈ ,
≈≈≈≈≈.W†.≈≈≈≈≈≈≈≈
≈≈ ≈ ,
≈≈≈.......≈≈≈≈≈≈≈ ≈
≈≈≈..#.....≈≈≈≈≈≈≈≈
≈ ≈≈≈.....#..≈≈≈≈≈≈
≈ ≈ ≈ ≈ ≈
≈≈≈≈≈≈.##..≈≈≈≈≈≈ ≈
≈ ≈
≈≈≈≈≈....<.≈≈≈≈≈≈≈
≈ ≈
..≈.......≈≈≈..≈≈ ≈
≈ ≈.###.≈≈≈≈≈≈≈≈..≈
≈


You could see a merfolk avatar and 2 drowned souls.

Vanquished Creatures
  A frost giant (IceCv)
  Erolcha (D:11)
  4 hydras (Lair:2)
  A two-headed ogre (D:9)
  A death yak (IceCv)
  An unseen horror (D:10)
  4 lindwurms (D:12)
  A manticore (Shoals:1)
  An ugly thing (D:11)
  10 elephants (Lair:3)
  4 merfolk sirens
  An ice statue (IceCv)
  8 spiny frogs
  Psyche (D:9)
  2 rime drakes
  A centaur skeleton (D:12)
  2 komodo dragons (Lair:1)
  2 trolls
  3 merfolk
  14 polar bears (IceCv)
  5 blink frogs (Lair:2)
  3 hippogriffs
  2 snapping turtles (Shoals:1)
  A shadow (D:11)
  A spriggan (D:7)
  A water elemental (D:11)
  A wyvern (D:13)
  29 yaks
  2 basilisks
  A steam dragon (D:12)
  6 vampire mosquitoes
  Menkaure (D:4)
  2 hungry ghosts
  Edmund (D:6)
  2 nagas (Lair:3)
  A water moccasin (D:7)
  2 hell hounds (Lair:1)
  8 orc warriors
  7 porcupines
  2 ice beasts
  A black bear (D:11)
  4 sky beasts
  21 wolves (IceCv)
  5 ogres
  2 centaurs (D:7)
  4 crocodiles
  17 bullfrogs
  A wyvern zombie (D:11)
  A wyvern skeleton (D:12)
  2 scorpions
  6 killer bees (D:9)
  5 wights (D:12)
  An electric eel (Lair:3)
  2 howler monkeys (D:8)
  3 crimson imps
  A bullfrog zombie (D:11)
  2 quasits
  5 jellies
  9 hounds
  10 orc priests
  13 orc wizards
  2 bullfrog skeletons
  4 iguanas
  7 worker ants
  A killer bee zombie (D:6)
  A hound zombie (D:9)
  A hound skeleton (D:8)
  A worker ant zombie (D:8)
  4 gnolls (D:4)
  8 adders
  7 shadow imps
  2 adder skeletons
  A worm (D:4)
  6 leopard geckos
  78 orcs
  A giant cockroach (D:8)
  3 goblins
  A hobgoblin (D:1)
  6 jackals (D:7)
  3 kobolds (D:3)
  2 quokkas
  A ball python (D:1)
  A bat (D:3)
  5 frilled lizards
  A leopard gecko skeleton (D:7)
  4 rats (D:3)
  A butterfly (Lair:2)
  A plant (Lair:2)
409 creatures vanquished.

Vanquished Creatures (collateral kills)
  An ice dragon (D:11)
  A yak (IceCv)
  A wolf (IceCv)
  An electric eel (D:11)
  A hound skeleton (D:11)
5 creatures vanquished.

Vanquished Creatures (others)
  4 orc wizards
  A fungus (Lair:3)
  A plant (Lair:3)
6 creatures vanquished.

Grand Total: 420 creatures vanquished

Notes
Turn   | Place    | Note
-------+----------+-------------------------------------------
     0 | D:1      | EnegeticOcto the Deep Dwarf Fighter began the quest for the
                  | Orb.
     0 | D:1      | Reached XP level 1. HP: 20/20 MP: 1/1
   194 | D:3      | Reached XP level 2. HP: 22/27 MP: 2/2
   336 | D:3      | Reached XP level 3. HP: 27/34 MP: 3/3
   391 | D:3      | Reached skill level 1 in Dodging
   399 | D:4      | Noticed Menkaure
   408 | D:4      | Killed Menkaure
   408 | D:4      | Reached XP level 4. HP: 18/43 MP: 4/4
   408 | D:4      | Reached XP level 5. HP: 21/49 MP: 5/5
   577 | D:4      | Noticed an ogre
   599 | D:4      | Killed an ogre
   599 | D:4      | Reached XP level 6. HP: 57/57 MP: 4/4
   613 | D:4      | Found a runed translucent door.
   618 | D:4      | Noticed Karim's ghost (amateur GnWn)
   854 | D:4      | Found a runed translucent door.
   905 | D:4      | Found a staircase to the Ecumenical Temple.
  1038 | Temple   | Entered the Ecumenical Temple
  1055 | Temple   | Became a worshipper of Makhleb the Destroyer
  1147 | D:5      | Entered Level 5 of the Dungeon
  1157 | D:5      | Reached XP level 7. HP: 45/66 MP: 4/4
  1204 | D:5      | Reached skill level 1 in Invocations
  1277 | D:5      | Reached skill level 5 in Axes
  1287 | D:5      | Reached skill level 2 in Invocations
  1314 | D:5      | Found a shadowy altar of Dithmenos.
  1374 | D:5      | Reached skill level 5 in Shields
  1378 | D:5      | Reached skill level 5 in Fighting
  1378 | D:5      | Reached skill level 3 in Invocations
  1527 | D:5      | Reached XP level 8. HP: 60/74 MP: 6/6
  1546 | D:5      | Found a stormy altar of Qazlal.
  1840 | D:5      | Reached skill level 5 in Armour
  2002 | D:6      | Found a shimmering altar of Xom.
  2014 | D:6      | Found a shimmering altar of Xom.
  2014 | D:6      | Found a shimmering altar of Xom.
  2015 | D:6      | Found a shimmering altar of Xom.
  2019 | D:6      | Reached * piety under Makhleb
  2080 | D:6      | Noticed Edmund
  2091 | D:6      | Reached skill level 4 in Invocations
  2105 | D:6      | Killed Edmund
  2194 | D:6      | Found a shimmering altar of Xom.
  2194 | D:6      | Found a shimmering altar of Xom.
  2281 | D:6      | Found an ornate altar of the Wu Jian Council.
  2281 | D:6      | Found a shimmering blue altar of Sif Muna.
  2526 | D:7      | Reached skill level 5 in Invocations
  2687 | D:7      | Reached ** piety under Makhleb
  2700 | D:7      | Gained mutation: You passively map the area around you.
                  | [Deep Dwarf growth]
  2700 | D:7      | Reached XP level 9. HP: 65/82 MP: 4/4
  2741 | D:7      | Reached skill level 6 in Invocations
  3020 | D:7      | Found a bloodstained altar of Trog.
  3096 | D:8      | Reached skill level 7 in Invocations
  3132 | D:8      | Found a staircase to the Lair.
  3246 | D:8      | Reached *** piety under Makhleb
  3260 | D:8      | Reached skill level 8 in Invocations
  3277 | D:8      | Reached XP level 10. HP: 50/94 MP: 7/7
  3953 | D:9      | Noticed a two-headed ogre
  3968 | D:9      | Killed a two-headed ogre
  4036 | D:9      | Reached **** piety under Makhleb
  4066 | D:9      | Reached skill level 9 in Invocations
  4281 | D:9      | Noticed Psyche
  4292 | D:9      | Killed Psyche
  4467 | D:10     | Entered Level 10 of the Dungeon
  4673 | D:10     | Found a roughly hewn altar of Beogh.
  4773 | D:10     | Killed an unseen horror
  4773 | D:10     | Reached XP level 11. HP: 69/104 MP: 8/8
  5090 | D:11     | Reached skill level 10 in Invocations
  5230 | D:11     | Noticed a red ugly thing
  5258 | D:11     | Killed a red ugly thing
  5258 | D:11     | Reached skill level 10 in Axes
  5263 | D:11     | Reached ***** piety under Makhleb
  5352 | D:11     | Noticed an ice dragon
  5381 | D:11     | Killed an ice dragon
  5457 | D:11     | Noticed Erolcha
  5464 | D:11     | Killed Erolcha
  6016 | D:12     | Reached skill level 11 in Invocations
  6071 | D:12     | Noticed a lindwurm
  6071 | D:12     | Noticed a lindwurm
  6071 | D:12     | Noticed a lindwurm
  6071 | D:12     | Noticed a lindwurm
  6076 | D:12     | Killed a lindwurm
  6077 | D:12     | Killed a lindwurm
  6078 | D:12     | Killed a lindwurm
  6083 | D:12     | Killed a lindwurm
  6137 | D:12     | Identified Sogimper's Handbook of Shifting Clay
  6324 | D:13     | Identified the +1 scale mail "Jappuvorgh" {rCorr} (You
                  | found it on level 13 of the Dungeon)
  6470 | D:12     | Found a staircase to the Orcish Mines.
  6597 | D:12     | Reached XP level 12. HP: 79/116 MP: 5/5
  7064 | Lair:1   | Entered Level 1 of the Lair of Beasts
  7117 | Lair:1   | You fall into a shaft and drop 1 floor!
  7118 | Lair:2   | Noticed an eight-headed hydra
  7125 | Lair:2   | Killed a five-headed hydra
  7125 | Lair:2   | Noticed a five-headed hydra
  7137 | Lair:2   | Killed a one-headed hydra
  7137 | Lair:2   | Reached skill level 12 in Invocations
  7248 | Lair:2   | Reached skill level 10 in Fighting
  7252 | Lair:2   | Noticed a seven-headed hydra
  7258 | Lair:2   | Killed a three-headed hydra
  7368 | Lair:2   | Found a large runed translucent door.
  7369 | Lair:2   | Found a large runed translucent door.
  7373 | Lair:2   | Noticed Flugslaktarn's ghost (journeyman DDFi)
  7486 | Lair:2   | Found a frozen archway.
  7497 | IceCv    | Entered an ice cave
  7663 | IceCv    | Reached skill level 13 in Invocations
  7867 | IceCv    | Noticed a death yak
  7867 | IceCv    | Noticed a frost giant
  7880 | IceCv    | Killed a death yak
  7884 | IceCv    | Killed a frost giant
  7884 | IceCv    | Reached ****** piety under Makhleb
  7884 | IceCv    | Reached XP level 13. HP: 87/126 MP: 6/6
  7961 | Lair:2   | Found a staircase to the Shoals.
  8512 | Lair:1   | Reached skill level 14 in Invocations
  8744 | Lair:3   | Reached skill level 10 in Armour
  8814 | Lair:3   | Found a staircase to the Snake Pit.
  8981 | Shoals:1 | Entered Level 1 of the Shoals
  9338 | Shoals:2 | HP: 3/128 [drowned by a drowned soul[a merfolk avatar]
                  | (15)]
  9339 | Shoals:2 | Drowned by a drowned soul

Levels and vault maps discovered:
D:1:      elethiomel_arrival_maze, layout_rooms
D:2:      layout_loops_ring, first_ration, nrook_campfire
D:3:      layout_basic, nicolae_overflow_hidden_temple, minmay_strange_pillars,
          uniq_crazy_yiuf_cottage
D:4:      layout_rooms, minmay_temple_entry_antechambers, ebering_ghost_sewer_f,
          serial_curves, eino_curves_02, eino_curves_03, uniq_menkaure
D:5:      layout_gridville, kennysheep_mini_moat, hangedman_decor_peaks_small,
          nicolae_dithmenos_shadow_blocks
D:6:      layout_rooms, xom_redecorated, gammafunk_temple_overflow_wave,
          uniq_edmund
D:7:      layout_rooms, lemuel_doored_altar, the_bakery
D:8:      layout_cave_pools, lair_entry_dummy
D:9:      layout_loops_corners, uniq_psyche
D:10:     layout_roguey [special_room_orc]
D:11:     dragon1_lemuel, layout_basic, uniq_erolcha
D:12:     layout_basic, orc_0_dummy, minmay_lindwurm_lava
D:13:     layout_irregular_city, uniq_maurice
Temple:   eino_temple_rhombus
Lair:1:   layout_roguey, enter_volcano_3, basic_altar, beast_lair_carwin_6
Lair:2:   layout_regular_city, elwin_shoals_entry_stream,
          ebering_ghost_disaster_area, portal_ice_cave_entry_pillars_2,
          st_stairs_11, lemuel_fruit_fields
Lair:3:   cheibrodos_lair_river_kwai, layout_gridlike,
          minmay_snake_entry_guardpost_small, fungi_pond_lemuel
Shoals:1: layout_shoals
Shoals:2: layout_shoals

Skill      XL: |  1  2  3  4  5  6  7  8  9 10 11 12 13 |
---------------+----------------------------------------+-----
Fighting       | 3 4 5 6 7 8 9 10 11 | 11.6
Dodging        | 1 2 |  2.7
Axes           | 3 4 5 6 8 9 11 12 13 | 13.3
Shields        | 4 5 6 7 8 |  8.4
Armour         | 4 5 6 7 8 9 10 | 10.2
Invocations    | 3 5 8 9 11 13 14 | 14.6

Action                   |  1- 3 |  4- 6 |  7- 9 | 10-12 | 13-15 || total
-------------------------+-------+-------+-------+-------+-------++-------
Melee: War axe           |    69 |   102 |   306 |       |       ||   477
       Hand axe          |       |       |   117 |   654 |       ||   771
       Battleaxe         |       |       |       |   200 |   194 ||   394
Invok: Lesser Servant of |       |       |       |     6 |       ||     6
 Abil: Heal Wounds       |       |    13 |    24 |    39 |    18 ||    94
Evoke: Wand              |       |       |       |     7 |       ||     7
  Use: Scroll            |       |       |    12 |     9 |     4 ||    25
       Potion            |       |       |       |     2 |       ||     2
 Stab: Distracted        |       |       |       |     1 |       ||     1
  Eat: Chunk             |       |     1 |    10 |    13 |     4 ||    28
       Ration            |       |       |       |     2 |       ||     2
Armor: Scale mail        |    34 |    45 |    84 |       |       ||   163
       Chain mail        |       |       |   113 |   443 |   186 ||   742
Dodge: Dodged            |    25 |    56 |   140 |   320 |   119 ||   660
Block: Kite shield       |    47 |    66 |   247 |   349 |       ||   709

Table legend:
 A = Non-vault XP
 B = Vault XP
 C = Vault XP percentage of total XP
 D = Non-vault monster count
 E = Vault monster count
 F = Vault count percentage of total count
                 A         B        C        D         E       F
            +---------+---------+-------+---------+---------+-------
      Total |   34085 |   22188 |  39.4 |     315 |     101 |  24.3
            +---------+---------+-------+---------+---------+-------
        D:1 |       3 |       0 |   0.0 |       2 |       0 |   0.0
        D:2 |       5 |       0 |   0.0 |       3 |       0 |   0.0
        D:3 |      51 |       0 |   0.0 |      13 |       0 |   0.0
        D:4 |     491 |     175 |  26.3 |      23 |       1 |   4.2
        D:5 |     715 |       0 |   0.0 |      28 |       0 |   0.0
        D:6 |     510 |     171 |  25.1 |      13 |       1 |   7.1
        D:7 |    1422 |     224 |  13.6 |      37 |       1 |   2.6
        D:8 |    2212 |       0 |   0.0 |      34 |       0 |   0.0
        D:9 |    2449 |     395 |  13.9 |      33 |       1 |   2.9
       D:10 |    2004 |     363 |  15.3 |       9 |      24 |  72.7
       D:11 |    4317 |    1163 |  21.2 |      42 |       2 |   4.5
       D:12 |    1549 |    2670 |  63.3 |      15 |       4 |  21.1
       D:13 |    1311 |       0 |   0.0 |      13 |       0 |   0.0
     Lair:1 |    2008 |     704 |  26.0 |       8 |       5 |  38.5
     Lair:2 |    5369 |    3355 |  38.5 |      15 |       7 |  31.8
     Lair:3 |    7287 |     326 |   4.3 |      20 |       2 |   9.1
   Shoals:1 |    2127 |       0 |   0.0 |       6 |       0 |   0.0
   Shoals:2 |     255 |       0 |   0.0 |       1 |       0 |   0.0
      IceCv |       0 |   12642 | 100.0 |       0 |      53 | 100.0
            +---------+---------+-------+---------+---------+-------
